 Dungeon Crawl Stone Soup version 0.26-a0-362-g1d9a9cd4fa (webtiles) character file.

Game seed: 14600263387197827384

66 BritishOli the Skirmisher (level 3, -10/29 HPs)
             Began as a Demonspawn Fighter on July 18, 2020.
             Mangled by a wight
             ... wielding a +3 battleaxe
              (12 damage)
             ... on level 2 of the Dungeon.
             The game lasted 00:00:47 (1456 turns).

BritishOli the Skirmisher (Demonspawn Fighter)      Turns: 1456, Time: 00:00:48

Health: -10/29     AC:  6    Str: 17    XL:     3   Next: 96%
Magic:  0/3        EV:  6    Int:  9    God:
Gold:   76         SH:  8    Dex: 12    Spells: 2/2 levels left

rFire    . . .     SeeInvis .   a - +0 long sword
rCold    . . .     Faith    .   c - +0 kite shield
rNeg     . . .     Spirit   +   b - +0 scale mail
rPois    .         Reflect  .   (no helmet)
rElec    .         Harm     .   (no cloak)
rCorr    .                      (no gloves)
MR       .....                  (no boots)
Stlth    ..........             (no amulet)
HPRegen  0.09/turn              (no ring)
MPRegen  0.08/turn              (no ring)

@: drained
A: magic shield
a: no special abilities


You were on level 2 of the Dungeon.
You visited 1 branch of the dungeon, and saw 3 of its levels.

You collected 76 gold pieces.

Inventory:

Hand Weapons
 a - a +0 long sword (weapon)
Armour
 b - a +0 scale mail (worn)
 c - a +0 kite shield (worn)
Jewellery
 l - a +6 ring of intelligence {unknown}
 o - an uncursed ring of positive energy {unknown}
Wands
 m - a wand of enslavement (8)
Scrolls
 f - 2 scrolls of enchant armour {unknown}
 g - 4 scrolls of identify {unknown}
 h - a scroll of immolation {unknown}
 i - 4 scrolls of remove curse {unknown}
 k - a scroll of fear {unknown}
 n - a scroll of enchant weapon {unknown}
 p - a scroll of teleportation {unknown}
Potions
 d - a potion of might
 e - a potion of heal wounds {unknown}
 j - 2 potions of curing {unknown}
 q - a potion of flight {unknown}
 r - a potion of degeneration {unknown}
 s - a potion of lignification {unknown}


   Skills:
 + Level 3.5(2.7) Fighting
 + Level 2.4(1.6) Long Blades
 + Level 3.2(2.4) Armour
 + Level 3.2(2.4) Shields


You had 2 spell levels left.
You didn't know any spells.
Your spell library was empty.

Dungeon Overview and Level Annotations

Branches:
Dungeon (3/15)

Altars:
Zin


Innate Abilities, Weirdness & Mutations

When hurt, damage is shared between your health and your magic reserves.


Message History

You barely miss the wight.
The wight is heavily damaged.
You block the wight's attack.
You closely miss the wight.
The wight is heavily damaged.
You block the wight's attack.
You barely miss the wight.
The wight is moderately damaged.
You block the wight's attack.
You completely miss the wight.
The wight is moderately damaged.
You block the wight's attack.
You closely miss the wight.
The wight is moderately damaged.
You block the wight's attack. The wight hits you with a +3 battleaxe!
* * * LOW HITPOINT WARNING * * *
You hit the wight.
The wight is heavily damaged.
The wight hits you with a +3 battleaxe!
You die...

....###
##.......##########
###.###
####.##.##..........#
#...#
#.......##..........#
###.#
#.##..#.##..........#
####.#
#.##....##.#...######
#....####.##.......#.#.#
##.#....#.##.#...###.#.#
#.#.##.#.####...# #.#.#
#.#.##.#.#....@.# #.#.#
###.#.##.#.#.####z# #.#.#
....#.##.#...####.# #.#.#
#####.#....#......###.#.#
#.....#..#.#.#####..(.#.#
#.#####..#.#.....#.####.#
......<..#.#####.#.# #.#
####.#...#.#####.#.####.#
.....#.........#........#


You could see a wight.

Vanquished Creatures
  A worker ant (D:2)
  2 adders (D:2)
  A worm (D:2)
  A leopard gecko (D:1)
  2 ball pythons
  2 giant cockroaches
  3 goblins
  2 hobgoblins
  A bat (D:1)
  A frilled lizard (D:2)
  2 kobolds
  2 rats
20 creatures vanquished.

Notes
Turn   | Place    | Note
-------+----------+-------------------------------------------
     0 | D:1      | BritishOli the Demonspawn Fighter began the quest for the
                  | Orb.
     0 | D:1      | Reached XP level 1. HP: 18/18 MP: 1/1
     6 | D:1      | Noticed an iguana
     6 | D:1      | Noticed a queen ant
     6 | D:1      | Noticed a hell rat
     6 | D:1      | Noticed a frost giant
   295 | D:1      | Gained mutation: When hurt, damage is shared between your
                  | health and your magic reserves. [demonic ancestry]
   295 | D:1      | Reached XP level 2. HP: 24/24 MP: 2/2
   577 | D:2      | Reached XP level 3. HP: 6/29 MP: 1/3
  1087 | D:2      | Found a glowing silver altar of Zin.
  1456 | D:2      | Mangled by a wight

Illustrated notes

Levels and vault maps discovered:
D:1:      onia_arrival_zoo_common, layout_rooms
D:2:      layout_basic, lemuel_doored_altar
D:3:      layout_basic, old_standard_altar, minmay_lizard_king

Skill      XL: |  1  2 |
---------------+-------+-----
Long Blades    | 2 |  2.4
Shields        | 3 |  3.2
Armour         | 3 |  3.2
Fighting       | |  3.5

Action                   || total
-------------------------++-------
Melee: Long sword        ||    80
Armor: Scale mail        ||    28
Dodge: Dodged            ||    23
Block: Kite shield       ||    32
       Rpst.: Long sword ||     5

Table legend:
 A = Non-vault XP
 B = Vault XP
 C = Vault XP percentage of total XP
 D = Non-vault monster count
 E = Vault monster count
 F = Vault count percentage of total count
                 A         B        C        D         E       F
            +---------+---------+-------+---------+---------+-------
      Total |      95 |       0 |   0.0 |      20 |       0 |   0.0
            +---------+---------+-------+---------+---------+-------
        D:1 |      16 |       0 |   0.0 |       9 |       0 |   0.0
        D:2 |      79 |       0 |   0.0 |      11 |       0 |   0.0
            +---------+---------+-------+---------+---------+-------
